Description

https://www.reddit.com/r/allthingsprotoss/comments/89xlfo/pvz_guide_8_gate_chargelot_allin/

Build Order

Get SALT Encoding   

  14  0:20  Pylon  
  16  0:40  Gateway  scout chrono nexus
  17  0:47  Assimilator  
  20  1:24  Nexus  
  20  1:34  Cybernetics Core  
  21  1:42  Assimilator  
  22  1:52  Pylon  
  24  2:10  Adept (Chrono Boost)  
  26  2:25  Twilight Council  
  27  2:16  Warp Gate  
  28  2:20  Gateway  
  35  3:05  Charge (Chrono Boost), Robotics Facility  x2, Stop Probe. Gas Probe to Nat
  35  3:10  Gateway x6  
  42  3:50  Pylon x2, Warp Prism (Chrono Boost)  2x
  46  4:24  Pylon x3  
Spawning Tool Build Advisor. Get it on Overwolf

Go to:

Details

  • Created by: hannahrose
  • Published on: Oct 04, 2021
  • Modified on: Oct 04, 2021
  • Patch: 4.11.0
  • Difficulty: Medium
Show
View Real Time Build Order
Export as new Build Order

Comments (0)

There are no comments. Be the first!

Create an account to comment!